 Dungeon Crawl Stone Soup version 0.27.1-2-g3b301248ec (webtiles) character file.

Game seed: 2897328077396986132

6166 Urokeeper the Protected (level 10, -4/92 HPs)
             Began as a Deep Dwarf Fighter on Sept 27, 2021.
             Was a High Priest of Okawaru.
             Killed by divine providence
             ... invoked by an orc priest
              (10 damage)
             ... on level 10 of the Dungeon.
             The game lasted 00:52:58 (7997 turns).

Urokeeper the Protected (Deep Dwarf Fighter)        Turns: 7997, Time: 00:52:58

Health: -4/92      AC: 23    Str: 26    XL:     10   Next: 60%
Magic:  0/0        EV: 12    Int: 15    God:    Okawaru [*****.]
Gold:   584        SH: 12    Dex: 16    Spells: 9/9 levels left

rFire    . . .     SeeInvis .   F - +6 whip of Qiyzima {venom, Will+ Int+7 Dex+4}
rCold    . . .     Faith    +   c - +0 kite shield
rNeg     . . .     Spirit   .   N - +0 plate armour
rPois    .         Reflect  .   t - +0 helmet
rElec    .         Harm     .   W - +0 cloak
rCorr    .         Rampage  .   y - +0 pair of gloves
Will     ++...                  k - +0 pair of boots
Stlth    ..........             P - amulet of faith
HPRegen  0.00/turn              a - +4 ring of evasion
MPRegen  0.07/turn              X - +4 ring of protection

@: mighty
A: damage resistance, heal wounds, sense surroundings 2, no regeneration,
deterioration 1, strong 1
a: Heal Wounds, Renounce Religion, Heroism, Finesse


You were on level 10 of the Dungeon.
You worshipped Okawaru.
Okawaru was extremely pleased with you.
You visited 2 branches of the dungeon, and saw 11 of its levels.

You collected 584 gold pieces.

Inventory:

Hand Weapons
 h - a +2 scythe of pain
 p - a +1 spear of venom
 q - a +0 whip of distortion
 x - a +1 short sword of freezing
 F - the +6 whip of Qiyzima (weapon) {venom, Will+ Int+7 Dex+4}
   (You found it on level 5 of the Dungeon)

   It poisons the flesh of those it strikes.
   Int:       It affects your intelligence (+7).
   Dex:       It affects your dexterity (+4).
   Will:      It increases your willpower.
 H - a +0 whip of draining
 L - a +0 dagger of speed
 Q - a +1 dagger of protection
 R - a +0 dagger of draining
 Y - a +5 flail of freezing
 Z - a +5 mace
Missiles
 l - 8 javelins (quivered)
 m - 54 poisoned darts
 K - a throwing net
 M - 14 boomerangs
 T - 4 silver boomerangs
Armour
 c - a +0 kite shield (worn)
 k - a +0 pair of boots (worn)
 t - a +0 helmet (worn)
 y - a +0 pair of gloves (worn)
 N - a +0 plate armour (worn)
 W - a +0 cloak (worn)
Jewellery
 a - a +4 ring of evasion (left hand)
 b - a ring of resist corrosion
 P - an amulet of faith (around neck)
 S - a ring of wizardry
 V - a ring of magical power
 X - a +4 ring of protection (right hand)
Wands
 A - a wand of digging (2)
 J - a wand of acid (7)
Scrolls
 d - 6 scrolls of teleportation
 n - a scroll of enchant armour {unknown}
 r - a scroll of magic mapping {unknown}
 s - 2 scrolls of summoning {unknown}
 u - a scroll of acquirement {unknown}
 w - 2 scrolls of enchant weapon {unknown}
 C - 2 scrolls of noise {unknown}
 D - a scroll of fear {unknown}
 E - 2 scrolls of vulnerability
 G - a scroll of blinking {unknown}
Potions
 f - 2 potions of haste
 g - 3 potions of brilliance
 i - a potion of attraction
 j - 3 potions of mutation
 o - a potion of ambrosia {unknown}
 v - 10 potions of degeneration
 z - a potion of resistance {unknown}
 B - 2 potions of flight {unknown}
 I - a potion of invisibility {unknown}
 U - a potion of magic {unknown}


   Skills:
 + Level 6.6 Fighting
 + Level 6.9(8.5) Axes
 + Level 6.9(8.1) Maces & Flails
 + Level 0.2 Throwing
 + Level 8.9 Armour
 + Level 4.0 Dodging
 + Level 2.0 Stealth
 + Level 8.8 Shields
 + Level 0.2 Evocations


You had 9 spell levels left.
You didn't know any spells.
Your spell library contained the following spells:

 Spells                   Type           Power      Damage    Failure   Level
 Foxfire                  Conj/Fire      0%         2x1d4     99%         1
 Magic Dart               Conj           0%         1d3       99%         1
 Call Imp                 Summ           0%         N/A       100%        2
 Sublimation of Blood     Necr           0%         N/A       100%        2
 Conjure Flame            Conj/Fire      0%         6-21      100%        3
 Inner Flame              Hex/Fire       0%         N/A       100%        3
 Mephitic Cloud           Conj/Pois/Air  0%         N/A       100%        3
 Petrify                  Tmut/Erth      0%         N/A       100%        4
 Irradiate                Conj/Tmut      0%         3d13      100%        5


Dungeon Overview and Level Annotations

Branches:
Dungeon (10/15)            Temple (1/1) D:5            Lair (0/6) D:10
    Orc (0/2) D:9

Altars:
Ashenzari
Cheibriados
Dithmenos
Elyvilon
Fedhas
Gozag
Hepliaklqana
Kikubaaqudgha
Makhleb
Nemelex Xobeh
Okawaru
Qazlal
Ru
Sif Muna
Trog
Uskayaw
Vehumet
Wu Jian
Xom
Yredelemnul
Zin
The Shining One

Shops:
D:3 !

Annotations:
D:4 3 runed translucent doors, Rickety's ghost, novice GnVM
D:5 3 runed translucent doors, bnorton916's ghost, amateur DECj
D:10 Grum


Innate Abilities, Weirdness & Mutations

You are resistant to damage.
You can heal yourself by infusing magical energy.
You passively map the area around you.
You do not regenerate.
Your body sometimes deteriorates upon taking damage.
Your muscles are strong. (Str +2)


Message History

You miss the wolf.
The wolf is heavily wounded.
Your surroundings suddenly seem different.
A centaur zombie comes into view.
You block the centaur zombie's attack. x2
You whack the centaur zombie!
The centaur zombie is moderately damaged.
You block the centaur zombie's attack. x2
You thrash the centaur zombie!!
The centaur zombie is almost destroyed.
The centaur zombie closely misses you. You block the centaur zombie's attack.
You whack the centaur zombie!
You destroy the centaur zombie!
Okawaru accepts your kill.
Your Stealth skill increases to level 2!
An orc, an orc warrior and an orc wizard come into view.
The orc warrior shouts!
The orc wizard shouts!
The orc shouts!
An orc priest comes into view. It is wielding a +0 flail.
The orc priest shouts!
You whack the orc wizard!
The orc wizard is severely wounded.
The orc wizard barely misses you.
You whack the orc wizard!
You kill the orc wizard!
Okawaru accepts your kill.
You hit the orc warrior.
The orc warrior is lightly wounded.
The orc warrior misses you.
You whack the orc warrior!
The orc warrior is moderately wounded.
The orc warrior misses you.
You hit the orc warrior.
The orc warrior is poisoned.
The orc warrior is heavily wounded.
The orc warrior hits you with a +0 flail!
* * * LOW HITPOINT WARNING * * *
You completely miss the orc warrior.
The orc warrior is heavily wounded.
The orc priest invokes the aid of Beogh against you.
Beogh smites you!
You die...

, #.##.# * *,
* ,,.....# * *
* #.# , * *,
#.# * , #.# ,
##.# ,* * * #
, #..# * *
*#...######.##
, , #.ooo@.#.#
* ,
#...####.#.# *
** , # #.#.#
*, #.#.# * ,*
> #.#.# , * *
#.#.# * * * #
#.#.# ** * *
#.#.#.######.
, , *
#............


You could see an orc warrior (very poisoned), an orc priest and an orc.

Vanquished Creatures
  A manticore (D:6)
  A wraith (D:8)
  3 yaks (D:10)
  Sigmund (D:4)
  3 wyverns
  Eustachio (D:5)
  A water moccasin (D:5)
  6 orc warriors
  A swamp drake (D:9)
  2 ice beasts
  A black bear (D:4)
  2 sky beasts
  A necrophage (D:7)
  2 ogres
  2 centaurs
  2 wolves
  3 phantoms
  A bullfrog (D:8)
  A kobold brigand (D:8)
  A wyvern skeleton (D:6)
  A water moccasin zombie (D:6)
  2 water moccasin skeletons
  13 killer bees
  5 wights (D:9)
  3 howler monkeys (D:9)
  2 bullfrog zombies (D:6)
  4 centaur zombies
  A bullfrog skeleton (D:6)
  2 hounds
  4 orc priests
  A centaur skeleton (D:7)
  2 gnoll shamans
  10 orc wizards
  A killer bee zombie (D:7)
  A howler monkey zombie (D:8)
  23 gnolls
  A howler monkey skeleton (D:5)
  2 adders
  3 white imps
  An adder skeleton (D:5)
  A worm (D:4)
  A dart slug (D:3)
  55 orcs
  5 endoplasms
  5 giant cockroaches
  6 goblins
  8 hobgoblins
  5 jackals
  15 kobolds
  6 quokkas
  9 ball pythons
  3 bats
  3 frilled lizards
  3 rats
243 creatures vanquished.

Notes
Turn   | Place    | Note
-------+----------+-------------------------------------------
     0 | D:1      | Urokeeper the Deep Dwarf Fighter began the quest for the
                  | Orb.
     0 | D:1      | Reached XP level 1. HP: 20/20 MP: 1/1
   139 | D:1      | Reached XP level 2. HP: 27/27 MP: 2/2
   719 | D:2      | Reached XP level 3. HP: 26/34 MP: 3/3
   946 | D:2      | Reached XP level 4. HP: 37/42 MP: 4/4
  1513 | D:3      | Reached skill level 1 in Stealth
  1542 | D:3      | Noticed an ice beast
  1551 | D:3      | Reached XP level 5. HP: 41/49 MP: 5/5
  1570 | D:3      | Killed an ice beast
  1581 | D:3      | Found Wudamoc's Distillery.
  1624 | D:3      | Noticed a centaur
  1632 | D:3      | Killed a centaur
  1633 | D:3      | Reached skill level 1 in Dodging
  1633 | D:3      | Reached XP level 6. HP: 22/56 MP: 6/6
  1675 | D:3      | Reached skill level 5 in Axes
  1830 | D:3      | Found a faded altar of an unknown god.
  1888 | D:3      | Found a radiant altar of Vehumet.
  2001 | D:4      | Found a runed translucent gate.
  2001 | D:4      | Found a runed translucent gate.
  2003 | D:4      | Found a runed translucent gate.
  2058 | D:4      | Noticed an ice beast
  2077 | D:4      | Noticed Rickety's ghost (novice GnVM)
  2078 | D:4      | Noticed an ice beast
  2265 | D:4      | Noticed Sigmund
  2288 | D:4      | Killed Sigmund
  2289 | D:4      | Reached XP level 7. HP: 50/63 MP: 4/4
  2516 | D:4      | Reached skill level 5 in Armour
  2849 | D:5      | Entered Level 5 of the Dungeon
  2891 | D:5      | Reached skill level 5 in Shields
  2907 | D:5      | Noticed bnorton916's ghost (amateur DECj)
  2908 | D:5      | Noticed a yak
  2910 | D:5      | Found a runed translucent gate.
  2910 | D:5      | Found a runed translucent gate.
  2910 | D:5      | Found a runed translucent gate.
  2941 | D:5      | Noticed Eustachio
  2956 | D:5      | Killed Eustachio
  2993 | D:5      | Reached XP level 8. HP: 58/73 MP: 5/5
  3113 | D:5      | Found a broken altar of Ashenzari.
  3170 | D:5      | Found a staircase to the Ecumenical Temple.
  3296 | Temple   | Entered the Ecumenical Temple
  3528 | Temple   | Became a worshipper of Warmaster Okawaru
  3645 | D:5      | Identified the +6 whip of Qiyzima {venom, Will+ Int+7
                  | Dex+4}
  3861 | D:6      | Found a glowing golden altar of the Shining One.
  4016 | D:6      | Found an opulent altar of Gozag.
  4120 | D:6      | Reached skill level 1 in Maces & Flails
  4233 | D:6      | Noticed a manticore
  4248 | D:6      | Killed a manticore
  4248 | D:6      | Reached * piety under Okawaru
  4249 | D:6      | Gained mutation: You passively map the area around you.
                  | [Deep Dwarf growth]
  4249 | D:6      | Reached XP level 9. HP: 54/80 MP: 2/2
  4582 | D:6      | Reached skill level 5 in Fighting
  5057 | D:7      | Reached ** piety under Okawaru
  5320 | D:7      | Found a stormy altar of Qazlal.
  5709 | D:8      | Reached skill level 5 in Maces & Flails
  5933 | D:8      | Reached *** piety under Okawaru
  5981 | D:8      | Gained mutation: Your body sometimes deteriorates upon
                  | taking damage. [potion of mutation]
  5981 | D:8      | Gained mutation: Your muscles are strong. (Str +2) [potion
                  | of mutation]
  6047 | D:8      | Reached XP level 10. HP: 24/91 MP: 1/1
  6490 | D:9      | Found a staircase to the Orcish Mines.
  6516 | D:9      | Reached **** piety under Okawaru
  6708 | D:9      | Found a white marble altar of Elyvilon.
  7830 | D:10     | Entered Level 10 of the Dungeon
  7830 | D:10     | Noticed a cyclops
  7951 | D:10     | Noticed Grum
  7958 | D:10     | Reached ***** piety under Okawaru
  7961 | D:10     | Noticed a manticore
  7997 | D:10     | Killed from afar by an orc priest

Illustrated notes

Levels and vault maps discovered:
D:1:      psy_arrival_whirlpool, layout_basic
D:2:      layout_loops_ring
D:3:      layout_rooms, nicolae_vehumet_altar_sigil, serial_shops, shop,
          hellmonk_ecumenical_altar_prayer_group
D:4:      layout_loops_ring, gammafunk_ghost_icy, uniq_sigmund
D:5:      layout_layer_cave, ashenzari_conservatory_becter, temple_fountains,
          gammafunk_ghost_split, uniq_eustachio
D:6:      layout_basic, mainiacjoe_overflow_large_starburst,
          minmay_misc_feat_tower
D:7:      layout_basic, nicolae_qazlal_style_of_elements
D:8:      layout_basic, special_room [special_room_orc]
D:9:      layout_basic, elyvilon_altar_5, erik_orc_1, nicolae_benzene_ring
D:10:     layout_loops_ring, lair_entry_dummy, uniq_grum
Temple:   regret_index_temple_sphere_string

Skill      XL: |  1  2  3  4  5  6  7  8  9 10 |
---------------+-------------------------------+-----
Fighting       | 3 4 5 6 |  6.6
Axes           | 3 4 5 6 |  6.9
Shields        | 4 5 6 8 |  8.8
Stealth        | 1 2 |  2.0
Armour         | 4 5 6 8 |  8.9
Dodging        | 1 2 3 4 |  4.0
Maces & Flails | 2 5 6 |  6.9
Throwing       | |  0.2
Evocations     | |  0.2

Action                   |  1- 3 |  4- 6 |  7- 9 | 10-12 || total
-------------------------+-------+-------+-------+-------++-------
Melee: War axe           |   116 |   162 |   118 |       ||   396
       Whip              |       |       |   333 |   199 ||   532
Throw: Javelin           |       |       |     2 |       ||     2
 Abil: Heal Wounds       |     1 |     9 |    19 |     1 ||    30
Evoke: Wand              |       |       |     1 |       ||     1
  Use: Scroll            |       |     4 |     2 |     1 ||     7
       Potion            |       |     1 |     5 |     4 ||    10
Armor: Scale mail        |    57 |    84 |   123 |       ||   264
       Plate armour      |       |       |    86 |    65 ||   151
Dodge: Dodged            |    40 |    55 |   160 |    57 ||   312
Block: Kite shield       |    75 |    93 |   326 |    88 ||   582
